 Dungeon Crawl Stone Soup version 0.15.2 (console) character file.

428 Kite the Skirmisher (level 6, -3/60 HPs)
             Began as a Minotaur Fighter on Dec 10, 2014.
             Was a Follower of Nemelex Xobeh.
             Slain by a two-headed ogre
             ... wielding a +0 giant spiked club
              (23 damage)
             ... on Level 4 of the Dungeon.
             The game lasted 00:49:27 (4012 turns).

Kite the Skirmisher (Minotaur Fighter)              Turns: 4012, Time: 00:49:28

HP  -3/60        AC  8     Str 23      XL: 6   Next: 65%
MP   4/4         EV  7     Int  5      God: Nemelex Xobeh [*.....]
Gold 134         SH  9     Dex  9      Spells:  0 memorised,  5 levels left

rFire  . . .     SeeInvis .     a - +0 war axe
rCold  + . .     Clarity  .     b - +1 scale mail
rNeg   . . .     rCorr    .     c - +0 shield
rPois  .         rRot     .     (helmet restricted)
rElec  .         Spirit   .     (no cloak)
SustAb .         Warding  .     (no gloves)
rMut   .         Stasis   .     (no boots)
Gourm  .                        (no amulet)
MR     .....                    (no ring)
                                F - ring of protection from cold

@: not resistant to hostile enchantments, extremely unstealthy
A: retaliatory headbutt, horns 2
a: Draw One, Renounce Religion


You were on level 4 of the Dungeon.
You worshipped Nemelex Xobeh.
Nemelex Xobeh was aware of your devotion.
You were not hungry.

You visited 1 branch of the dungeon, and saw 4 of its levels.

You collected 136 gold pieces.

Inventory:

Hand weapons
 a - a +0 war axe (weapon)
 g - a +0 dagger (quivered)
 q - a +0 dagger
 s - a +0 dagger
 u - a +0 dagger
 v - a +0 dagger of speed
 A - a +0 war axe
 B - a +1 dagger
 D - a +0 dagger
 J - a +0 dagger
Armour
 b - a +1 scale mail (worn)
 c - a +0 shield (worn)
 l - a cursed +0 robe
Magical devices
 M - a wand of slowing (12) {unknown}
Comestibles
 d - 2 bread rations
 f - 4 rotting chunks of ogre flesh
 C - 2 fruits
 H - a meat ration
 I - a beef jerky
 L - a chunk of iguana flesh
Scrolls
 m - a scroll of fog
 x - a scroll of magic mapping
 G - a scroll of remove curse
Jewellery
 F - a ring of protection from cold (left hand)
Potions
 e - a potion of might
 h - a potion of heal wounds
 k - a potion of agility {unknown}
 o - 2 potions of magic {unknown}
 p - a potion of curing {unknown}
 t - 3 potions of haste {unknown}
 z - a potion of invisibility {unknown}
 E - a potion of berserk rage {unknown}
 K - a potion of cancellation {unknown}
Miscellaneous
 i - a plain deck of escape {drawn: 1}
 n - a plain deck of war {drawn: 5}
 r - a plain deck of escape
 w - a plain deck of defence {drawn: 4}


   Skills:
 * Level 7.2 Fighting
 + Level 4.1 Axes
 + Level 4.6 Armour
 + Level 4.4 Shields
 + Level 1.0 Evocations


You had 5 spell levels left.
You didn't know any spells.

Dungeon Overview and Level Annotations

Branches:
Dungeon (4/15)
 Temple: D:4-7

Altars:
Elyvilon
Fedhas
Nemelex Xobeh
Qazlal
Sif Muna


Innate Abilities, Weirdness & Mutations

You reflexively headbutt those who attack you in melee.
You have a pair of horns on your head.


Message History

Your headbutt misses the two-headed ogre.
The two-headed ogre is lightly wounded.
The two-headed ogre hits you with a giant spiked club!
The two-headed ogre closely misses you.
You slash the two-headed ogre! You headbutt the two-headed ogre!
The two-headed ogre is severely wounded.
The two-headed ogre hits you with a giant spiked club.
The two-headed ogre hits you with a giant club!!
* * * LOW HITPOINT WARNING * * *
You flicker for a moment.
You flicker back into view.
Your magical contamination has completely faded away.
Save game and exit?
Okay, then.
A two-headed ogre is nearby!
Some of the chunks of flesh in your inventory have rotted away.
You don't know any spells.
The two-headed ogre hits you with a giant spiked club!!
You die...
Your body disappears without a glow.

▒·▒▒▒▒▒▒▒▒▒▒▒▒··▒ ▒···▒
▒·▒▒········▒▒··▒▒▒···▒
▒·▒▒·▒▒▒▒▒▒·▒▒··▒·····▒
▒·▒▒·▒··········▒·▒·▒▒▒
▒·▒▒·▒····▒·▒···▒·▒·▒
▒·▒▒·▒▒▒▒·▒·▒···▒·▒·▒
▒·▒▒······▒·····▒·▒·▒▒▒
▒▒▒·▒▒▒▒▒▒▒▒▒O··········▒
▒···········@····▒▒·▒▒▒▒▒
▒▒▒▒▒▒▒▒▒▒▒▒▒▒···▒▒·▒ ··▒
▒···▒▒·▒ ▒·▒ ▒···▒▒·▒ ▒·▒
▒···▒▒·▒ ▒·▒ ▒···▒▒·▒
▒·▒▒▒▒▒▒▒▒▒▒···▒▒·▒
▒▒··············▒▒·▒
▒·············▒·▒▒·▒


You could see a two-headed ogre.

Vanquished Creatures
  A black bear (D:3)
  An ogre (D:4)
  A hound (D:4)
  An orc priest (D:3)
  An iguana (D:4)
  6 adders
  A giant mite (D:1)
  A worm (D:2)
  An adder skeleton (D:4)
  An ooze (D:2)
  5 giant geckos
  3 orcs
  3 ball pythons
  11 bats
  3 giant cockroaches
  9 hobgoblins
  7 jackals
  7 kobolds
  A quokka (D:4)
  3 giant newts
  15 goblins
  7 rats
89 creatures vanquished.

Notes
Turn   | Place    | Note
--------------------------------------------------------------
     0 | D:1      | Kite, the Minotaur Fighter, began the quest for the Orb.
     0 | D:1      | Reached XP level 1. HP: 19/19 MP: 1/1
   291 | D:1      | Reached skill level 4 in Fighting
   312 | D:1      | Reached XP level 2. HP: 27/27 MP: 1/1
   851 | D:1      | Reached skill level 5 in Fighting
   851 | D:1      | Reached XP level 3. HP: 34/36 MP: 2/2
  1208 | D:2      | Found a white marble altar of Elyvilon.
  1366 | D:2      | Found a blossoming altar of Fedhas.
  1371 | D:2      | Found a stormy altar of Qazlal.
  1590 | D:2      | Reached XP level 4. HP: 35/42 MP: 2/2
  1698 | D:2      | Found a sparkling altar of Nemelex Xobeh.
  1720 | D:2      | Became a worshipper of Nemelex Xobeh the Trickster
  1822 | D:2      | Received a gift from Nemelex Xobeh
  2074 | D:2      | Reached skill level 6 in Fighting
  2317 | D:3      | Noticed a cyan ugly thing
  2556 | D:3      | Acquired Nemelex Xobeh's first power
  2816 | D:3      | Reached XP level 5. HP: 35/51 MP: 2/2
  2933 | D:3      | Received a gift from Nemelex Xobeh
  3002 | D:3      | Noticed a black bear
  3011 | D:3      | Killed a black bear
  3296 | D:3      | Found a deep blue altar of Sif Muna.
  3451 | D:4      | Noticed an ogre
  3554 | D:3      | Reached skill level 7 in Fighting
  3554 | D:3      | Reached XP level 6. HP: 50/60 MP: 0/3
  3612 | D:4      | Noticed an ogre
  3615 | D:4      | Killed an ogre
  3701 | D:4      | Received a gift from Nemelex Xobeh
  3875 | D:4      | Reached skill level 1 in Evocations
  3966 | D:4      | Noticed a two-headed ogre
  4012 | D:4      | Slain by a two-headed ogre

Action                   |  1- 3 |  4- 6 || total
-------------------------+-------+-------++-------
Melee: War axe           |    91 |   141 ||   232
Invok: Draw One          |       |     6 ||     6
Evoke: Deck              |       |     4 ||     4
  Use: Scroll            |       |     9 ||     9
       Potion            |       |     4 ||     4
 Stab: Invisible         |       |     1 ||     1
  Eat: Chunk             |     2 |     3 ||     5
